 Dungeon Crawl Stone Soup version 0.30-b1-2-g02819fbbbe (webtiles) character file.

Game seed: 7890813169231481857

3206 Ori the Protected (level 9, 0/74 HPs)
             Began as a Minotaur Gladiator on July 7, 2023.
             Was an Initiate of Trog.
             Slain by a wyvern (7 damage)
             ... on level 1 of the Lair of Beasts.
             The game lasted 01:14:42 (8425 turns).

Ori the Protected (Minotaur Gladiator)              Turns: 8425, Time: 01:14:42

Health: 0/74       AC: 16    Str: 23    XL:     9   Next: 65%
Magic:  8/8        EV: 11    Int:  5    God:    Trog [......]
Gold:   445        SH:  0    Dex: 14    Spells: 8/8 levels left

rFire   . . .        N - +7 dagger of the Everdark {holy, Dex+2 SInv}
rCold   + . .        (no shield)
rNeg    . . .        D - +1 chain mail {Will+}
rPois   .            A - +1 hat
rElec   .            Q - +0 cloak
rCorr   +            (no gloves)
SInv    +            U - +0 pair of boots
Will    +....        (no amulet)
Stlth   x              - ring of protection from cold
HPRegen 0.32/turn    a - ring of resist corrosion
MPRegen 0.11/turn

%: no passive effects
@: no status effects
A: horns 2, retaliatory headbutt
a: Renounce Religion


You were on level 1 of the Lair of Beasts.
You worshipped Trog.
Trog was noncommittal.
You visited 3 branches of the dungeon, and saw 10 of its levels.

You collected 445 gold pieces.

Inventory:

Hand Weapons
 n - a +1 short sword of venom
 o - a +0 war axe
 t - a +0 dagger of electrocution
 u - a +1 heavy dire flail
 v - a +2 heavy falchion
 B - a +1 falchion of holy wrath
 H - a +2 dagger of venom
 J - a +7 short sword
 K - a +3 great sword
 N - the +7 dagger of the Everdark (weapon) {holy, Dex+2 SInv}
   (You found it on level 3 of the Dungeon)

   Dex:       It affects your dexterity (+2).
   SInv:      It lets you see invisible.
Missiles
 d - 2 throwing nets
 e - a javelin
 h - 42 stones
 Y - 8 boomerangs (quivered)
Armour
 y - a +0 chain mail
 A - a +1 hat (worn)
 D - a +1 chain mail of willpower (worn)
 Q - a +0 cloak (worn)
 U - a +0 pair of boots (worn)
Jewellery
 a - a ring of resist corrosion (right hand)
 c - a ring of ice
 x - a ring of protection from cold (left hand)
 R - a ring of wizardry
Wands
 V - a wand of flame (27)
Scrolls
 f - 3 scrolls of identify
 g - 5 scrolls of teleportation
 k - 2 scrolls of enchant weapon {unknown}
 p - 2 scrolls of blinking {unknown}
 q - a scroll of fog {unknown}
 s - 2 scrolls of butterflies {unknown}
 z - a scroll of brand weapon {unknown}
 C - a scroll of enchant armour {unknown}
 G - 2 scrolls of torment {unknown}
 O - 2 scrolls of magic mapping {unknown}
 P - 2 scrolls of fear
 S - a scroll of immolation {unknown}
 T - a scroll of acquirement {unknown}
Potions
 b - a potion of cancellation {unknown}
 i - a potion of resistance {unknown}
 j - a potion of invisibility {unknown}
 l - a potion of curing
 m - a potion of mutation {unknown}
 r - 2 potions of brilliance {unknown}
 w - 2 potions of attraction {unknown}
 E - 2 potions of ambrosia
 F - 2 potions of degeneration {unknown}
 I - a potion of experience {unknown}
 L - a potion of magic {unknown}
 M - a potion of might {unknown}
 W - a potion of flight {unknown}
 X - a potion of heal wounds


   Skills:
 + Level 5.5 Fighting
 + Level 7.5 Short Blades
 + Level 6.4 Axes
 + Level 2.8 Throwing
 + Level 10.0 Armour
 + Level 5.9 Dodging
 + Level 1.5 Stealth


You had 8 spell levels left.
You didn't know any spells.
Your spell library contained the following spells:

 Spells                   Type           Power      Damage    Failure   Level
 Magic Dart               Conj           0%         1d3       94%         1
 Sandblast                Erth           0%         2d4       94%         1
 Blink                    Tloc           0%         N/A       98%         2
 Call Imp                 Summ           0%         N/A       98%         2
 Lesser Beckoning         Tloc           0%         N/A       98%         2
 Passwall                 Tmut/Erth      0%         N/A       98%         2
 Poisonous Vapours        Pois/Air       0%         N/A       98%         2
 Scorch                   Fire           0%         2d5       98%         2
 Call Canine Familiar     Summ           0%         N/A       100%        3
 Gell's Gravitas          Tloc           0%         N/A       100%        3
 Mephitic Cloud           Conj/Pois/Air  0%         N/A       100%        3
 Portal Projectile        Hex/Tloc       0%         N/A       100%        3
 Stone Arrow              Conj/Erth      0%         3d7       100%        3
 Teleport Other           Tloc           0%         N/A       100%        3
 Flame Wave               Conj/Fire      0%         2d4       100%        4
 Leda's Liquefaction      Hex/Erth       0%         N/A       100%        4
 Manifold Assault         Tloc           0%         N/A       100%        4
 Freezing Cloud           Conj/Ice/Air   0%         6-21      100%        5
 Dispersal                Tloc           0%         N/A       100%        6
 Summon Cactus Giant      Summ           0%         N/A       100%        6
 Storm Form               Tmut/Air       0%         N/A       100%        7
 Disjunction              Tloc           0%         N/A       100%        8


Dungeon Overview and Level Annotations

Branches:
Dungeon (8/15)             Temple (1/1) D:5            Lair (1/5) D:8

Altars:
Ashenzari
Cheibriados
Dithmenos
Elyvilon
Fedhas
Kikubaaqudgha
Makhleb
Nemelex Xobeh
Qazlal
Ru
Sif Muna
Trog
Uskayaw
Vehumet
The Shining One


Innate Abilities, Weirdness & Mutations

You have a pair of horns on your head.
You reflexively headbutt those who attack you in melee.


Message History

The yak gores you!
* * * LOW HITPOINT WARNING * * *
The yak gores you but does no damage. The yak barely misses you.
You feel much better. The wyvern closely misses you.
The yak gores you but does no damage. The yak completely misses you.
You furiously retaliate!
You headbutt the yak. The yak completely misses you.
The yak closely misses you.
You feel better.
The wyvern bites you but does no damage. x2
The yak gores you but does no damage. The yak gores you!
The yak gores you but does no damage. The yak gores you.
* * * LOW HITPOINT WARNING * * *
You hit the yak.
The yak is almost dead.
The wyvern bites you but does no damage.
You barely miss the yak. You headbutt the yak.
The yak is almost dead.
The yak gores you.
* * * LOW HITPOINT WARNING * * *
The yak gores you!
* * * LOW HITPOINT WARNING * * *
The wyvern bites you but does no damage.
The yak barely misses you. The yak gores you but does no damage.
You feel better. The wyvern closely misses you. The yak barely misses you.
You furiously retaliate!
You headbutt the yak!
You kill the yak!
Trog accepts your kill. The yak gores you!
* * * LOW HITPOINT WARNING * * *
The yak gores you but does no damage. The yak gores you.
* * * LOW HITPOINT WARNING * * *
Your Armour skill increases to level 10!
You completely miss the yak. Your headbutt misses the yak.
The yak is lightly wounded.
The wyvern closely misses you.
Unknown command.
You hit the yak. You headbutt the yak.
The yak is moderately wounded.
The wyvern bites you!
You die...

####.#.'### ###..# #..##
#.## ## #####'## ..#
......># ######.P###
.......# #####..........
.......# #...'..YY......
.......####..#..@†......
.......'....##..lY......
.......#######..........
.......# #..........
.......# #.?........
##+.#### #P##.#+####
#..## ### .. .+########
#.. .........#


You could see 3 yaks and a wyvern.

Vanquished Creatures
  Grinder (D:6)
  Sigmund (D:4)
  Eustachio (D:4)
  2 yaks (Lair:1)
  Menkaure (D:4)
  The ghost of Vorhees the Shooter, an amateur DjHs (D:4)
  Edmund (D:5)
  2 water moccasins
  A sky beast (D:6)
  The ghost of discopopstar the Caller, an amateur FeSu (D:4)
  The ghost of Borgoz the Trooper, an amateur HOBe of Trog (D:4)
  2 centaurs (D:7)
  A kobold brigand (D:6)
  2 scorpions
  2 bullfrogs
  3 wights (D:8)
  5 killer bees
  A howler monkey (D:8)
  7 hounds
  2 jellies (D:6)
  3 sleepcaps (D:5)
  A gnoll bouda (D:5)
  2 orc wizards
  A howler monkey zombie (D:6)
  10 gnolls
  3 adders
  A white imp (D:6)
  An ufetubus (D:5)
  22 orcs
  4 ball pythons
  3 bats
  4 endoplasms
  A giant cockroach (D:2)
  11 goblins
  9 hobgoblins
  19 kobolds
  2 quokkas
  A frilled lizard (D:1)
  7 rats
143 creatures vanquished.

Vanquished Creatures (others)
  A fungus (D:8)
  5 plants
  4 withered plants (D:4)
10 creatures vanquished.

Grand Total: 153 creatures vanquished

Notes
Turn   | Place    | Note
-------+----------+-------------------------------------------
     0 | D:1      | Ori the Minotaur Gladiator began the quest for the Orb.
     0 | D:1      | Reached XP level 1. HP: 18/18 MP: 0/0
     6 | D:1      | Noticed a water moccasin
     6 | D:1      | Noticed a polar bear
     7 | D:1      | Noticed a wyvern
   246 | D:1      | Reached XP level 2. HP: 25/25 MP: 1/1
  1094 | D:2      | Reached XP level 3. HP: 30/30 MP: 2/2
  1825 | D:2      | You fall into a shaft and drop 2 floors!
  1946 | D:4      | Reached skill level 1 in Armour
  1948 | D:4      | Reached XP level 4. HP: 10/38 MP: 3/3
  1956 | D:4      | Noticed Sigmund
  1966 | D:4      | Killed Sigmund
  1967 | D:4      | Reached skill level 5 in Axes
  1967 | D:4      | Reached skill level 3 in Armour
  1967 | D:4      | Reached XP level 5. HP: 25/45 MP: 4/4
  2071 | D:4      | Noticed Menkaure
  2084 | D:4      | Killed Menkaure
  2085 | D:4      | Reached skill level 4 in Armour
  2085 | D:4      | Reached skill level 1 in Stealth
  2085 | D:4      | Reached XP level 6. HP: 22/51 MP: 5/5
  2105 | D:4      | Found a runed translucent gate.
  2106 | D:4      | Found a runed translucent gate.
  2107 | D:4      | Found a runed translucent gate.
  2108 | D:4      | Noticed Vorhees's ghost (amateur DjHs)
  2109 | D:4      | Noticed Borgoz's ghost (amateur HOBe)
  2109 | D:4      | Noticed discopopstar's ghost (amateur FeSu)
  2204 | D:3      | Identified the +7 dagger of the Everdark {holy, Dex+2 SInv}
  3691 | D:4      | Killed discopopstar's ghost
  3696 | D:4      | Killed Vorhees's ghost
  3697 | D:4      | Reached skill level 5 in Armour
  3697 | D:4      | Reached XP level 7. HP: 39/58 MP: 6/6
  3703 | D:4      | Killed Borgoz's ghost
  3704 | D:4      | Reached skill level 1 in Short Blades
  3792 | D:4      | Found a radiant altar of Vehumet.
  4043 | D:4      | You fall into a shaft and drop 2 floors!
  4055 | D:6      | Reached skill level 6 in Armour
  4166 | D:6      | Noticed Grinder
  4177 | D:6      | Killed Grinder
  4178 | D:6      | Reached XP level 8. HP: 51/66 MP: 7/7
  4272 | D:6      | Reached skill level 7 in Armour
  4986 | D:5      | Entered Level 5 of the Dungeon
  5568 | D:4      | Reached skill level 8 in Armour
  5693 | D:4      | Noticed Eustachio
  5704 | D:4      | Killed Eustachio
  5705 | D:4      | Reached skill level 5 in Short Blades
  6335 | D:5      | Found a staircase to the Ecumenical Temple.
  6336 | D:5      | Noticed Edmund
  6349 | D:5      | Killed Edmund
  6389 | D:5      | Reached XP level 9. HP: 59/72 MP: 8/8
  6410 | D:5      | Reached skill level 5 in Dodging
  7033 | Temple   | Entered the Ecumenical Temple
  7103 | Temple   | Became a worshipper of Trog the Wrathful
  7223 | D:7      | Found a blossoming altar of Fedhas.
  7250 | D:7      | Found a hide-covered altar of Uskayaw.
  7252 | D:7      | Found a white marble altar of Elyvilon.
  7461 | D:7      | Reached skill level 9 in Armour
  7586 | D:7      | Reached skill level 5 in Fighting
  8184 | D:8      | Found a staircase to the Lair.
  8210 | Lair:1   | Entered Level 1 of the Lair of Beasts
  8418 | Lair:1   | HP: 2/74 [yak (9)]
  8424 | Lair:1   | Reached skill level 10 in Armour
  8425 | Lair:1   | Slain by a wyvern

Illustrated notes

Levels and vault maps discovered:
D:1:      onia_arrival_zoo_common, layout_loops_ring
D:2:      layout_basic, grunt_decor_one_mirror
D:3:      layout_basic
D:4:      corexii_shantytown, layout_gridville, vehumet_altar_wand_db,
          gammafunk_ghost_cemetery, uniq_menkaure, uniq_sigmund, uniq_eustachio
D:5:      kb_forest_paths, layout_basic, minmay_temple_entry_slanted,
          kennysheep_flooded_box, amcnicky_mini_corridor_feature, uniq_edmund
D:6:      layout_loops_ring, nicolae_yredelemnul_corpse_copse,
          nicolae_kite_square_tiling_tiny, uniq_grinder
D:7:      layout_basic, mainiacjoe_overflow_tiny_flanked, jmf_multi_god_temple
D:8:      minmay_weird_star, layout_basic, dpeg_oklobed_lair, enter_bailey_3
Temple:   nicolae_temple_bog_church
Lair:1:   layout_roguey [special_room_bee]

Skill      XL: |  1  2  3  4  5  6  7  8  9 |
---------------+----------------------------+-----
Axes           | 4 5 6 |  6.4
Fighting       | 3 4 5 |  5.5
Armour         | 1 3 4 5 6 8 10 | 10.0
Stealth        | 1 |  1.5
Dodging        | 4 5 |  5.9
Short Blades   | 2 6 7 |  7.5
Throwing       | |  2.8

Action                     |  1- 3 |  4- 6 |  7- 9 || total
---------------------------+-------+-------+-------++-------
  Melee: War axe           |    47 |    11 |       ||    58
         Headbutt          |     8 |    12 |    64 ||    84
         Dagger            |       |    32 |   316 ||   348
         Punch             |       |     1 |     3 ||     4
  Throw: Throwing net      |     4 |       |       ||     4
         Javelin           |     2 |       |       ||     2
         Stone             |     5 |       |       ||     5
    Use: Potion            |     1 |     1 |     6 ||     8
         Scroll            |       |       |     3 ||     3
   Stab: Held in net/web   |     1 |       |       ||     1
 Armour: Leather armour    |     8 |       |       ||     8
         Chain mail        |    15 |    26 |   235 ||   276
  Dodge: Dodged            |    29 |    23 |   216 ||   268
